cohdb
Replays
Latest Replays
All Replays
Popular Replays
Top Player Replays
Match Explorer
How It Works
Community
CoH3 Stats
Reddit
Sign in to upload your games and track your stats! →
Sign in with Steam
Match 33836277
Unlisted
Match 33836277
Overview
Messages
Build Orders
End
Kradschützen Motorcycle Team
Kradschützen Motorcycle Team
Selects Armored Support Battlegroup
Construct Light Support Kompanie
Assault Grenadier Squad
Assault Grenadier Squad
Fire Support Elements
Selects Salvage Kits
le.IG 18 Mechanized Group
Selects Veteran Gunners
Flakvierling Half-track
Flakvierling Half-track
Assault Grenadier Squad
Assault Grenadier Squad
Construct Panzerarmee Kommand
Selects Panzer Storm
Panzer III L Medium Tank
Panzer III L Medium Tank
2.5-tonne Medical Truck
Assault Mechanized Group
Panzer Storm
Armored Reserves
Selects Flammpanzer III Medium Tank
Emergency Repair Kits
Tungsten Core Ammunition
Rapid Advance
Advanced Field Repairs
Panzer III L Medium Tank
Panzer III L Medium Tank
Flammpanzer III Medium Tank
Advanced Optics
Panzer III L Medium Tank
Selects Stuka Anti-tank Loiter
kiperexpl3 *******
kawhi
0000000
vincent
Morbid
matrix4x4
Fjetten
M99
0
0
Comments
sign in to comment!
No comments posted yet!